 Dungeon Crawl Stone Soup version 0.30-a0-1008-g30c9307041 (webtiles) character file.

Game seed: 8211715165478446767

21886 cforsyth the Summoner (level 12, -3/80 HPs)
             Began as an Octopode Summoner on Apr 5, 2023.
             Was an Initiate of Gozag.
             Slain by a wolf (7 damage)
             ... on level 10 of the Dungeon.
             The game lasted 00:46:04 (18696 turns).

cforsyth the Summoner (Octopode Summoner)          Turns: 18696, Time: 00:46:05

Health: -3/80      AC:  3    Str:  8    XL:     12   Next: 94%
Magic:  22/27      EV: 15    Int: 22    God:    Gozag
Gold:   1803       SH:  0    Dex: 12    Spells: 15/34 levels left

rFire   + . .      SeeInvis .    j - staff of conjuration "Ylumoc" {rPois}
rCold   . . .      Faith    .    (no shield)
rNeg    . . .      Spirit   .    k - +2 hat
rPois   +          Reflect  .    B - amulet of regeneration
rElec   .          Rampage  .    z - ring of protection from fire
rCorr   .                        E - ring of willpower
Will    +....                    I - ring of wizardry
Stlth   +++                      (no ring)
HPRegen 1.13/turn                (no ring)
MPRegen 0.20/turn                (no ring)
                                 (no ring)
                                 (no ring)

@: invisible
A: almost no armour, amphibious, 8 rings, camouflage 1, gelatinous body 1,
(nimble swimmer 1), tentacles
a: Renounce Religion, Potion Petition, Call Merchant, Bribe Branch


You were on level 10 of the Dungeon.
You worshipped Gozag.
Gozag was most pleased with you.
You visited 2 branches of the dungeon, and saw 13 of its levels.
You also visited: Ossuary and Bailey.

You collected 2228 gold pieces.
You spent 330 gold pieces at shops.
You paid 95 gold pieces to Gozag.

Inventory:

Hand Weapons
 n - the +2 halberd "Earthworm" {flame, rC+}
   (You found it in a bailey)

   rC:        It protects you from cold.
Missiles
 K - 2 throwing nets
Armour
 k - a +2 hat (worn)
Magical Staves
 j - the staff of conjuration "Ylumoc" (weapon) {rPois}
   (You found it on level 2 of the Dungeon)

   [staff of conjuration]

   Base accuracy: +5 Base damage: 5 Base attack delay: 1.2 This weapon's minimum
   attack delay (0.6) is reached at skill level 12.
   rPois:     It protects you from poison.
   It falls into the 'Staves' category.
   It is a one-tentacled weapon.
Jewellery
 z - a ring of protection from fire (left tentacle)
 B - an amulet of regeneration (around mantle)
 E - a ring of willpower (right tentacle)
 I - a ring of wizardry (on tentacle)
Wands
 C - a wand of mindburst (8)
 F - a wand of roots (3)
 L - a wand of digging (5)
Scrolls
 c - 5 scrolls of magic mapping
 e - a scroll of silence {unknown}
 g - 2 scrolls of fog
 h - 2 scrolls of amnesia
 l - 3 scrolls of teleportation
 o - 2 scrolls of vulnerability {unknown}
 t - 2 scrolls of enchant armour {unknown}
 w - a scroll of acquirement {unknown}
 y - 5 scrolls of fear {unknown}
 A - 3 scrolls of enchant weapon {unknown}
 D - 3 scrolls of poison {unknown}
 G - a scroll of brand weapon {unknown}
 H - 6 scrolls of identify
 J - a scroll of immolation {unknown}
 M - a scroll of butterflies {unknown}
Potions
 a - 2 potions of magic
 b - a potion of heal wounds
 d - 4 potions of brilliance
 f - 6 potions of lignification
 i - 2 potions of berserk rage {unknown}
 m - 4 potions of curing
 p - a potion of haste {unknown}
 q - 4 potions of flight
 r - 7 potions of mutation
 s - 2 potions of attraction {unknown}
 u - 2 potions of invisibility
 v - 2 potions of might
 x - 3 potions of degeneration {unknown}


   Skills:
 + Level 6.8 Fighting
 + Level 7.2 Dodging
 - Level 2.6 Stealth
 - Level 11.6 Spellcasting
 - Level 5.0 Hexes
 - Level 13.0 Summonings
 - Level 5.0 Air Magic


You had 15 spell levels left.
You knew the following spells:

 Your Spells              Type           Power      Damage    Failure   Level
a - Summon Small Mammal   Summ           100%       N/A       1%          1
b - Call Imp              Summ           63%        N/A       1%          2
c - Call Canine Familiar  Summ           63%        N/A       1%          3
d - Summon Guardian Gole  Hex/Summ       51%        N/A       1%          3
e - Summon Lightning Spi  Summ/Air       51%        N/A       1%          4
g - Summon Cactus Giant   Summ           31%        N/A       1%          6

Your spell library contained the following spells:

 Spells                   Type           Power      Damage    Failure   Level
 Poisonous Vapours        Pois/Air       46%        N/A       1%          2
 Tukima's Dance           Hex            34%        N/A       1%          3
 Apportation              Tloc           24%        N/A       2%          1
 Beastly Appendage        Tmut           24%        N/A       2%          1
 Magic Dart               Conj           76%        1d6       2%          1
 Necrotise                Necr           48%        1d6       2%          1
 Portal Projectile        Hex/Tloc       46%        N/A       2%          3
 Scorch                   Fire           24%        2d6       3%          2
 Searing Ray              Conj           38%        2d5       3%          2
 Wereblood                Tmut           12%        N/A       3%          2
 Mephitic Cloud           Conj/Pois/Air  30%        N/A       3%          3
 Spider Form              Tmut/Pois      12%        N/A       6%          3
 Fulminant Prism          Conj/Hex       17%        3d10      8%          4
 Flame Wave               Conj/Fire      19%        2d7       21%         4
 Freezing Cloud           Conj/Ice/Air   15%        6-21      28%         5
 Blade Hands              Tmut           6%         N/A       47%         5
 Spellforged Servitor     Conj/Summ      29%        N/A       71%         7
 Orb of Destruction       Conj           9%         9d6       100%        7


Dungeon Overview and Level Annotations

Branches:
Dungeon (12/15)            Temple (0/1) D:7            Lair (1/5) D:10
    Orc (0/2) D:11        Ossuary (visited)          Bailey (visited)

Altars:
Ashenzari
Gozag
Hepliaklqana
Kikubaaqudgha
Ru
Vehumet
Wu Jian
Xom
Yredelemnul
Zin

Shops:
D:2 :

Portals:
Ice
Cave: Lair:1

Annotations:
D:8 exclusion: ice statue
D:9 3 runed translucent doors, sugarbear's ghost, novice DjNe


Innate Abilities, Weirdness & Mutations

You cannot wear most types of armour.
You are amphibious.
You can wear up to eight rings at the same time.
Your skin changes colour to match your surroundings (Stealth+).
Your rubbery body absorbs attacks. (AC +1, EV +1)
((You are camouflaged when in or above water. (Stealth+)))
You have tentacles for arms and can constrict up to eight enemies at once.


Message History

You feel sick.
You feel sick.
There is a staircase to the Lair, spattered with blood here.
You start resting.
You feel sick. x4
Your lightning spire disappears in a puff of smoke!
You feel sick. x2
You are no longer poisoned.
You start resting.
Your bat disappears in a puff of smoke!
Your cactus giant disappears in a puff of smoke!
HP restored.
You climb downwards.
Welcome back to the Lair of Beasts!
Your summoned allies are left behind.
You feel a wave of frost pass over you.
There is an entrance to an ice cave on this level.
Hurry and find it before the portal melts!
You hear the faint crackling of a distant melting archway.
The wolf completely misses you. The wolf closely misses you.
The wolf bites you but does no damage. The wolf bites you!
The ice devil hits you! The ice devil freezes you! The wolf barely misses you.
The wolf closely misses you. The ice devil closely misses you.
There is a staircase back to the Dungeon, spattered with blood here.
The wolf bites you. The wolf bites you! The ice devil hits you.
The ice devil freezes you!!
* * * LOW HITPOINT WARNING * * *
You climb upwards.
Welcome back to the Dungeon!
Your warg disappears in a puff of smoke!
Your crimson imp disappears in a puff of smoke!
There is a staircase to the Lair, spattered with blood here.
Okay, then.
Okay, then.
Unknown command.
Press: ? - help, v - describe, . - travel
Here: an ice devil The floor.
You fade into invisibility!
The wolf bites you!
* * * LOW HITPOINT WARNING * * *
The wolf bites you!
You die...
Your body crumbles into a pile of gold.

####'## ###.......### ####.....
####.# ###...........###........
#....####..P.P......(.....###.###
#.#####.....P............## #..#
#'###...P..P....P........#####.##
..).......P.P.P...P........###...
.......P.P........$$...P....####.
.........P..P.PhPh....P........)[
........P.P.....@....P.P.........
.......P.......4ยงยง.....P.P.......
........P....P...$..P.P.P.)......
##'##......P.P..[.[..P..P........
#.###.......P....P.P..P.........
#.# ####.P...))..P.....#######.#
##.# ###PP....P....### #.....# ...#
###...[...#.#####.##### '########
###.......##.........


You could see an ice devil (unable to see you) and 2 wolves.

Vanquished Creatures
  A centaur zombie (Ossuary)
  A human zombie (Ossuary)
  An adder zombie (Ossuary)
  An endoplasm (D:1)
  A giant cockroach (D:1)
  3 jackals (D:1)
  A quokka (D:5)
  3 ball pythons
  2 hobgoblin zombies (Ossuary)
  A jackal zombie (Ossuary)
  A kobold zombie (Ossuary)
  3 orc zombies (Ossuary)
19 creatures vanquished.

Vanquished Creatures (collateral kills)
  Josephine (D:11)
  An ogre mage (D:12)
  2 two-headed ogres
  A tengu warrior (D:12)
  A cyclops (D:11)
  A deep elf pyromancer (D:10)
  A manticore (D:12)
  A black mamba (D:10)
  A guardian serpent (D:11)
  A gargoyle (D:10)
  Maggie (D:8)
  An unseen horror (D:11)
  2 komodo dragons
  An ice devil (Lair:1)
  2 blink frogs (Lair:1)
  Prince Ribbit (D:8)
  5 slime creatures (D:12)
  A shadow (D:12)
  Eustachio (D:4)
  5 wraiths
  A wyvern (D:9)
  8 yaks
  A steam dragon (D:8)
  A two-headed ogre zombie (D:11)
  2 water moccasins
  2 acid dragons
  2 nameless horrors (D:6)
  5 orc warriors
  4 black bears
  An ice beast (D:6)
  5 ogres
  4 centaurs
  3 phantoms
  4 bullfrogs (D:10)
  An elf zombie (Ossuary)
  3 kobold brigands
  5 gnoll sergeants
  4 scorpions
  11 killer bees (D:11)
  A troll zombie (D:11)
  A jelly (D:7)
  An electric eel (D:8)
  A human zombie (Ossuary)
  A gnoll bouda (D:7)
  3 hounds
  11 orc priests
  4 sleepcaps
  3 iguanas
  19 orc wizards
  6 ogre zombies (D:11)
  2 mummies (Ossuary)
  32 gnolls
  6 adders
  A white imp (D:7)
  An ufetubus (D:6)
  A worm (D:2)
  46 orcs
  9 ball pythons
  5 bats
  10 endoplasms
  5 giant cockroaches
  11 goblins
  4 hobgoblins
  3 jackals
  6 quokkas
  2 frilled lizards
  3 goblin zombies (D:11)
  A hobgoblin skeleton (D:11)
  12 hobgoblin zombies
  A jackal zombie (Ossuary)
  23 kobolds
  5 kobold zombies (Ossuary)
  3 orc skeletons (D:11)
  24 orc zombies
  4 rats
369 creatures vanquished.

Vanquished Creatures (others)
  4 two-headed ogres
  A deep elf pyromancer (D:12)
  A black mamba (D:10)
  A tengu conjurer (D:12)
  A blink frog (D:10)
  A slime creature (D:12)
  2 spriggans (Bailey)
  5 yaks (D:9)
  A steam dragon (Bailey)
  An orc warrior (D:7)
  3 ogres
  A bullfrog (D:10)
  5 killer bees (D:9)
  An orc wizard (D:7)
  3 gnolls
  An ufetubus (D:7)
  2 orcs
  32 fungi (D:10)
  42 plants
108 creatures vanquished.

Grand Total: 496 creatures vanquished

Notes
Turn   | Place    | Note
-------+----------+-------------------------------------------
     0 | D:1      | cforsyth the Octopode Summoner began the quest for the Orb.
     0 | D:1      | Reached XP level 1. HP: 11/11 MP: 3/3
    65 | D:1      | Reached XP level 2. HP: 11/17 MP: 3/5
   107 | D:1      | Learned a level 2 spell: Call Imp
   393 | D:1      | Reached XP level 3. HP: 20/21 MP: 1/7
   515 | D:1      | Learned a level 3 spell: Call Canine Familiar
  1361 | D:2      | Reached XP level 4. HP: 27/27 MP: 3/8
  1514 | D:1      | Learned a level 3 spell: Summon Guardian Golem
  1955 | D:2      | Reached skill level 1 in Hexes
  1955 | D:2      | Reached skill level 5 in Summonings
  2078 | D:2      | Noticed an ogre
  2104 | D:2      | Killed an ogre
  2105 | D:2      | Reached XP level 5. HP: 31/31 MP: 2/10
  2312 | D:2      | Found Nypsiveg's Book Boutique.
  2372 | D:2      | Found a faded altar of an unknown god.
  2441 | D:2      | Identified the staff of conjuration "Ylumoc" {rPois}
  2687 | D:3      | Found a shimmering altar of Xom.
  2765 | D:3      | Reached XP level 6. HP: 36/36 MP: 7/11
  3027 | D:3      | Found a glowing silver altar of Zin.
  3471 | D:4      | Found a sand-covered staircase.
  3490 | Ossuary  | Entered an ossuary
  3910 | Ossuary  | Reached skill level 6 in Summonings
  3910 | Ossuary  | Reached XP level 7. HP: 41/41 MP: 8/13
  4438 | D:4      | Noticed Eustachio
  4447 | D:4      | Learned a level 4 spell: Summon Lightning Spire
  4455 | D:4      | Killed Eustachio
  4456 | D:4      | Reached skill level 1 in Air Magic
  4876 | D:5      | Entered Level 5 of the Dungeon
  5079 | D:5      | Reached skill level 5 in Spellcasting
  5081 | D:5      | Reached XP level 8. HP: 45/46 MP: 12/15
  5528 | D:5      | Found a sacrificial altar of Ru.
  6376 | D:6      | Noticed a nameless horror
  6379 | D:6      | Reached skill level 7 in Summonings
  6389 | D:6      | Killed a nameless horror
  6415 | D:6      | Noticed a nameless horror
  6802 | D:6      | Reached skill level 5 in Hexes
  7177 | D:6      | Killed a nameless horror
  7744 | D:6      | Reached XP level 9. HP: 51/51 MP: 5/18
  8924 | D:7      | Reached skill level 8 in Summonings
  9000 | D:7      | Reached skill level 5 in Air Magic
  9505 | D:7      | Found a staircase to the Ecumenical Temple.
  9565 | D:7      | Found a hazy altar of Hepliaklqana.
  9566 | D:7      | Found a basalt altar of Yredelemnul.
  9581 | D:7      | Found a broken altar of Ashenzari.
  9583 | D:7      | Found an ancient bone altar of Kikubaaqudgha.
  9584 | D:7      | Found a radiant altar of Vehumet.
  9585 | D:7      | Found an opulent altar of Gozag.
  9588 | D:7      | Found an ornate altar of the Wu Jian Council.
  9592 | D:7      | Became a worshipper of Gozag Ym Sagoz the Greedy
 10019 | D:8      | Found a flagged portal.
 10030 | Bailey   | Entered a bailey
 10189 | Bailey   | Reached skill level 9 in Summonings
 10230 | Bailey   | Reached XP level 10. HP: 51/56 MP: 5/21
 10539 | Bailey   | Noticed a two-headed ogre
 10549 | Bailey   | Killed a two-headed ogre
 10614 | Bailey   | Identified the +2 steam dragon scales of Gravitas {rF+
                  | Str+4}
 10621 | Bailey   | Identified the +2 halberd "Earthworm" {flame, rC+}
 10732 | D:8      | Noticed Maggie
 10747 | D:8      | Killed Maggie
 10748 | D:8      | Reached skill level 10 in Summonings
 11327 | D:8      | Noticed an ice statue
 12086 | D:8      | Noticed Prince Ribbit
 12098 | D:8      | Killed Prince Ribbit
 12282 | D:2      | Bought a book of Scorching for 330 gold pieces
 12289 | D:2      | Learned a level 6 spell: Summon Cactus Giant
 12577 | D:9      | Found a runed translucent gate.
 12577 | D:9      | Found a runed translucent gate.
 12577 | D:9      | Found a runed translucent gate.
 12581 | D:9      | Noticed sugarbear's ghost (novice DjNe)
 13290 | D:9      | Noticed an 11-headed hydra
 13290 | D:9      | Noticed a ten-headed hydra
 13430 | D:9      | Reached skill level 11 in Summonings
 13460 | D:9      | Reached XP level 11. HP: 52/61 MP: 16/24
 13939 | D:9      | Reached skill level 10 in Spellcasting
 14234 | D:10     | Entered Level 10 of the Dungeon
 14280 | D:10     | Noticed a deep elf pyromancer
 14445 | D:10     | Killed a deep elf pyromancer
 14601 | D:10     | Found a staircase to the Lair.
 14615 | D:10     | Reached skill level 12 in Summonings
 15349 | D:11     | Noticed Josephine
 15349 | D:11     | Noticed a cyclops
 15357 | D:11     | Killed a cyclops
 15921 | D:11     | Found a staircase to the Orcish Mines.
 16013 | D:11     | Noticed a two-headed ogre
 16019 | D:11     | Killed a two-headed ogre
 16122 | D:11     | Killed Josephine
 16277 | D:11     | Reached skill level 13 in Summonings
 16277 | D:11     | Reached XP level 12. HP: 66/66 MP: 16/27
 16560 | D:11     | Reached skill level 1 in Fighting
 17211 | D:12     | Noticed a two-headed ogre
 17215 | D:12     | Noticed an ogre mage
 17216 | D:12     | Noticed a two-headed ogre
 17216 | D:12     | Noticed a two-headed ogre
 17222 | D:12     | Killed a two-headed ogre
 17222 | D:12     | Noticed a two-headed ogre
 17226 | D:12     | Killed an ogre mage
 17230 | D:12     | Killed a two-headed ogre
 17235 | D:12     | Killed a two-headed ogre
 17241 | D:12     | Killed a two-headed ogre
 17242 | D:12     | Reached skill level 5 in Dodging
 17264 | D:12     | Reached skill level 5 in Fighting
 17550 | D:12     | Noticed a tengu warrior
 17571 | D:12     | Killed a tengu warrior
 18257 | D:12     | Identified the +0 pair of gloves of Infinity {Will+ MP+9
                  | Str+4}
 18491 | Lair:1   | Entered Level 1 of the Lair of Beasts
 18512 | Lair:1   | Found a frozen archway.
 18696 | D:10     | HP: 4/80 [wolf (8)]
 18696 | D:10     | Slain by a wolf

Illustrated notes

Levels and vault maps discovered:
D:1:      saegor_arrival_under_anarchy, layout_basic,
          chequers_serial_rivers_room_b
D:2:      layout_loops_cross, serial_shops, shop,
          chequers_ecumenical_altar_simple, minmay_tetromino_s2
D:3:      layout_loops_cross, general_overflow_altar, zin_statuary,
          kennysheep_decorative_pillar
D:4:      layout_cave_pods, nicolae_ossuary_entry_plus, uniq_eustachio
D:5:      layout_cave_pods, hangedman_ru_absence
D:6:      layout_layer_cave
D:7:      layout_cave_pools, nicolae_overflow_hallway_of_the_gods,
          minmay_temple_entry_large_hall, minivault_10
D:8:      statuecave_lemuel, layout_loops_ring, enter_bailey_5, uniq_maggie,
          uniq_prince_ribbit1
D:9:      layout_roguey, gammafunk_ghost_hydra_chop
D:10:     layout_roguey, due_lair_maze_entry_diamond
D:11:     layout_roguey, zombieorc2_lemuel, nrook_guardian_serpent_double,
          uniq_josephine
D:12:     layout_roguey
Lair:1:   layout_regular_city, portal_ice_cave_demonic_guard,
          beast_lair_carwin_7

Skill      XL: |  1  2  3  4  5  6  7  8  9 10 11 12 |
---------------+-------------------------------------+-----
Spellcasting   | 3 4 5 6 7 9 11 | 11.6
Hexes          | 1 2 3 4 5 |  5.0
Summonings     | 5 6 7 9 11 13 | 13.0
Air Magic      | 1 4 5 |  5.0
Fighting       | 6 |  6.8
Dodging        | 7 |  7.2
Stealth        | |  2.6

Action                     |  1- 3 |  4- 6 |  7- 9 | 10-12 || total
---------------------------+-------+-------+-------+-------++-------
  Melee: Unarmed           |    24 |     1 |       |       ||    25
         Tentacles         |     8 |     8 |     6 |     1 ||    23
         Constrict         |     7 |     7 |     6 |     1 ||    21
         Staff             |       |    26 |    22 |     7 ||    55
   Cast: Summon Small Mamm |    25 |    23 |    33 |    18 ||    99
         Call Imp          |    10 |    14 |    21 |    11 ||    56
         Call Canine Famil |     4 |    28 |    54 |    56 ||   142
         Summon Guardian G |       |     3 |    19 |    53 ||    75
         Summon Lightning  |       |       |    16 |    49 ||    65
         Summon Cactus Gia |       |       |       |     6 ||     6
    Use: Scroll            |       |     1 |    10 |     2 ||    13
         Potion            |       |       |     1 |     7 ||     8
   Stab: Distracted        |       |     1 |       |       ||     1
 Armour: Skin              |     3 |    10 |    25 |    19 ||    57
  Dodge: Dodged            |    17 |    47 |    54 |    97 ||   215

Table legend: (Time is in decaauts)
 A = Elapsed time spent in this place.
 B = Non-inter-level travel time spent in this place.
 C = Inter-level travel time spent in this place.
 D = Time resting spent in this place.
 E = Time spent auto-exploring this place.
 F = Levels seen in this place.
 G = Mean time per level.
                   A        B        C        D        E       F      G
               +--------+--------+--------+--------+--------+-----+--------+
         Total |  18720 |  17953 |    767 |   2878 |  10898 |  15 | 1248.0 |
       Dungeon |  17439 |  16672 |    767 |   2401 |  10604 |  12 | 1453.2 |
          Lair |     64 |     64 |      0 |      0 |      0 |   1 |   64.0 |
       Ossuary |    518 |    518 |      0 |     59 |    155 |   1 |  518.0 |
        Bailey |    697 |    697 |      0 |    418 |    139 |   1 |  697.0 |
               +--------+--------+--------+--------+--------+-----+--------+

Top non-repeatable levels by time:
     D:6: 2538 daAuts
    D:11: 2029 daAuts
     D:9: 1872 daAuts
     D:5: 1597 daAuts
     D:8: 1527 daAuts
     D:1: 1399 daAuts
     D:2: 1211 daAuts
    D:10: 1199 daAuts
     D:4: 1097 daAuts
    D:12: 1093 daAuts
     D:7: 997 daAuts
     D:3: 876 daAuts
  Bailey: 697 daAuts
 Ossuary: 518 daAuts
  Lair:1: 64 daAuts
